1819 views
Uploaded 2022-12-17 00:19:31
Game version 1.32.10
24:05 long 1on1 custom game on (2)SecretValley
Game name "1v1"
Saved by DKnight
1819 views
Uploaded 2022-12-17 00:19:31
Game version 1.32.10
24:05 long 1on1 custom game on (2)SecretValley
Game name "1v1"

28 units @ 3.3k
/ 0.2k
13 buildings @ 2.2k
/ 0.6k


| Orb of Venom | 1 | 325 |
| Scroll of Healing | 1 | 250 |
| Potion of Lesser Invulnerability | 1 | 150 |
| total: | 3 | 725g |
| Wisp | 11 | 660 | / | 0 |
| Archer | 10 | 1300 | / | 100 |
| Huntress | 7 | 1365 | / | 140 |
| total: | 28 | 3325g | / | 240w |
| Altar of Elders | 1 | 180 | / | 50 |
| Moon Well | 8 | 1440 | / | 320 |
| Ancient of War | 2 | 300 | / | 120 |
| Hunter's Hall | 1 | 210 | / | 100 |
| Ancient of Wonders | 1 | 90 | / | 30 |
| Tree of Ages | 1 | 320 | / | 180 |
| Tree of Eternity | 1 | 330 | / | 200 |
| total: | 13 | 2220g | / | 620w |
| 0:02 | Wisp |
| 0:02 | Wisp |
| 0:04 | Wisp |
| 0:09 | Altar of Elders |
| 0:18 | Moon Well |
| 0:23 | Wisp |
| 0:24 | Wisp |
| 0:44 | Wisp |
| 0:57 | Wisp |
| 1:21 | Moon Well |
| 1:41 | Ancient of War |
| 1:44 | Wisp |
| 1:45 | Wisp |
| 1:45 | Wisp |
| 2:12 | Force of Nature |
| 2:19 | Hunter's Hall |
| 2:49 | Archer |
| 2:50 | Wisp |
| 3:20 | Tree of Ages |
| 3:43 | Huntress |
| 4:06 | Moon Well |
| 4:31 | Huntress |
| 5:22 | Archer |
| 5:52 | Entangling Roots |
| 6:01 | Tree of Eternity |
| 6:16 | Healing Spray |
| 6:22 | Improved Bows |
| 6:25 | Ancient of War |
| 6:54 | Moon Glaive |
| 6:55 | Huntress |
| 7:02 | Ancient of Wonders |
| 7:14 | Ultravision |
| 7:39 | Archer |
| 7:39 | Huntress |
| 7:58 | Moon Well |
| 8:02 | Moon Well |
| 8:32 | Acid Bomb |
| 8:51 | Well Spring |
| 8:52 | Strength of the Moon |
| 8:53 | Archer |
| 8:54 | Marksmanship |
| 9:34 | Entangling Roots |
| 9:54 | Archer |
| 9:55 | Huntress |
| 9:58 | Moon Well |
| 10:01 | Moon Armor |
| 10:07 | Scroll of Healing |
| 10:07 | Potion of Lesser Invulnerability |
| 10:37 | Improved Strength of the Moon |
| 10:52 | Healing Spray |
| 11:21 | Archer |
| 11:22 | Huntress |
| 11:33 | Moon Well |
| 12:29 | Force of Nature |
| 12:55 | Orb of Venom |
| 13:02 | Archer |
| 13:41 | Archer |
| 13:46 | Moon Well |
| 14:34 | Acid Bomb |
| 15:22 | Huntress |
| 16:06 | Force of Nature |
| 19:16 | Advanced Strength of the Moon |
| 19:16 | Improved Moon Armor |
| 20:09 | Archer |
| 20:16 | Archer |
| 23:34 | Healing Spray |
| 23:58 | Tranquility |
| Right click | 988 |
| Select group | 762 |
| Select | 393 |
| Chat | 84 |
| Build/train/purchase | 63 |
| Misc. action | 61 |
| Assign group | 44 |
| Use ability | 39 |
| Item give/drop | 6 |
38 units @ 5.2k
/ 0.8k
14 buildings @ 2.2k
/ 0.9k


| Healing Salve | 2 | 200 |
| Scroll of Speed | 1 | 50 |
| total: | 3 | 250g |
| Peon | 7 | 525 | / | 0 |
| Troll Headhunter | 8 | 1120 | / | 160 |
| Raider | 1 | 180 | / | 40 |
| Shaman | 5 | 650 | / | 100 |
| Kodo Beast | 2 | 510 | / | 120 |
| Troll Berserker | 12 | 1680 | / | 240 |
| Spirit Walker | 3 | 585 | / | 105 |
| total: | 38 | 5250g | / | 765w |
| Altar of Storms | 1 | 180 | / | 50 |
| Orc Burrow | 7 | 1120 | / | 280 |
| War Mill | 1 | 205 | / | 0 |
| Barracks | 1 | 180 | / | 50 |
| Voodoo Lounge | 1 | 130 | / | 30 |
| Spirit Lodge | 1 | 150 | / | 150 |
| Beastiary | 1 | 145 | / | 140 |
| Tauren Totem | 1 | 135 | / | 155 |
| Stronghold | 1 | 315 | / | 190 |
| Fortress | 1 | 325 | / | 190 |
| total: | 14 | 2245g | / | 855w |
| 0:03 | Peon |
| 0:03 | Peon |
| 0:08 | Altar of Storms |
| 0:14 | Orc Burrow |
| 0:19 | Peon |
| 0:38 | Peon |
| 0:49 | War Mill |
| 0:58 | Peon |
| 1:19 | Peon |
| 1:33 | Barracks |
| 1:39 | Peon |
| 2:07 | War Stomp |
| 2:21 | Stronghold |
| 2:56 | Orc Burrow |
| 3:12 | Troll Headhunter |
| 3:12 | Troll Headhunter |
| 3:24 | Spiked Barricades |
| 3:46 | Voodoo Lounge |
| 3:53 | Orc Burrow |
| 4:09 | Steel Ranged Weapons |
| 4:21 | Troll Headhunter |
| 5:19 | Troll Regeneration |
| 5:25 | Spirit Lodge |
| 5:55 | Troll Headhunter |
| 6:13 | Reinforced Defenses |
| 6:39 | Healing Salve |
| 6:47 | Beastiary |
| 6:57 | Troll Headhunter |
| 7:12 | Endurance Aura |
| 7:29 | Troll Headhunter |
| 7:55 | Orc Burrow |
| 7:57 | Raider |
| 8:31 | War Stomp |
| 9:50 | Fortress |
| 9:59 | Hex |
| 10:01 | Healing Salve |
| 10:17 | Shaman |
| 10:34 | Troll Headhunter |
| 11:40 | Scroll of Speed |
| 11:57 | Serpent Ward |
| 12:11 | Shaman Adept Training |
| 12:11 | Shaman |
| 12:14 | Berserker Upgrade |
| 12:17 | Troll Headhunter |
| 12:26 | Kodo Beast |
| 12:27 | Shaman |
| 12:57 | War Drums Damage Increase |
| 13:11 | Troll Berserker |
| 13:13 | Troll Berserker |
| 13:37 | Orc Burrow |
| 14:19 | Troll Berserker |
| 14:25 | Tauren Totem |
| 14:59 | Shaman Master Training |
| 14:59 | Shaman |
| 16:28 | Spirit Walker |
| 16:29 | Spirit Walker Adept Training |
| 16:30 | Spirit Walker |
| 17:28 | Troll Berserker |
| 17:28 | Troll Berserker |
| 17:37 | Orc Burrow |
| 17:43 | Orc Burrow |
| 17:45 | Shaman |
| 18:27 | Liquid Fire |
| 18:29 | Kodo Beast |
| 19:45 | Spirit Walker Master Training |
| 19:46 | Spirit Walker |
| 19:50 | Troll Berserker |
| 20:14 | Troll Berserker |
| 20:49 | Troll Berserker |
| 20:49 | Troll Berserker |
| 20:52 | Troll Berserker |
| 21:53 | Troll Berserker |
| 21:53 | Troll Berserker |
| 23:03 | Healing Wave |
| 23:13 | Endurance Aura |
| Select group | 677 |
| Right click | 402 |
| Select | 285 |
| Build/train/purchase | 86 |
| Misc. action | 67 |
| Assign group | 44 |
| Use ability | 43 |
| Chat | 31 |
| Item give/drop | 1 |